 Dungeon Crawl Stone Soup version 0.28-a0-932-g843f935a50 (webtiles) character file.

Game seed: 3995389179624957589

116 croobank the Changer (level 5, -6/33 HPs)
             Began as an Octopode Transmuter on Nov 28, 2021.
             Mangled by a gnoll (7 damage)
             ... on level 3 of the Dungeon.
             The game lasted 00:08:05 (2593 turns).

croobank the Changer (Octopode Transmuter)          Turns: 2593, Time: 00:08:05

Health: -6/33      AC:  1    Str: 10    XL:     5   Next: 0%
Magic:  7/8        EV: 13    Int: 21    God:
Gold:   54         SH:  0    Dex: 13    Spells: 2/8 levels left

rFire   . . .      SeeInvis .   h - +0 spear
rCold   . . .      Faith    .   (no shield)
rNeg    . . .      Spirit   .   (helmet currently unavailable)
rPois   .          Reflect  .   (no amulet)
rElec   .          Harm     .   l - +6 ring of intelligence
rCorr   .          Rampage  .   (no ring)
Will    .....                   (no ring)
Stlth   +++.......              (no ring)
HPRegen 0.11/turn               (no ring)
MPRegen 0.11/turn               (no ring)
                                (no ring)
                                (no ring)

@: lethally poisoned (-6 -> -25), appendages, hasted, very quick
A: tentacle spike 3, almost no armour, amphibious, 8 rings, camouflage 1,
gelatinous body 1, (nimble swimmer 1), tentacles
a: End Transformation


You were on level 3 of the Dungeon.
One of your tentacles had grown a beastly spike.
You visited 1 branch of the dungeon, and saw 3 of its levels.

You collected 54 gold pieces.

Inventory:

Hand Weapons
 d - a +0 short sword
 h - a +0 spear (weapon)
Missiles
 a - 31 stones
 j - 3 javelins
 k - 21 arrows
Jewellery
 l - a +6 ring of intelligence (left tentacle)
Scrolls
 b - a scroll of vulnerability {unknown}
 c - 2 scrolls of identify {unknown}
 m - a scroll of teleportation {unknown}
 n - a scroll of enchant armour {unknown}
 o - a scroll of amnesia {unknown}
Potions
 e - a potion of resistance {unknown}
 f - a potion of curing {unknown}
 g - a potion of haste
 i - a potion of heal wounds {unknown}


   Skills:
 - Level 1.0 Fighting
 + Level 2.6 Polearms
 - Level 2.2 Dodging
 - Level 1.3 Stealth
 - Level 3.2 Unarmed Combat
 - Level 2.1 Spellcasting
 - Level 3.3 Transmutations


You had 2 spell levels left.
You knew the following spells:

 Your Spells              Type           Power      Damage    Failure   Level
a - Beastly Appendage     Tmut           32%        N/A       3%          1
b - Wereblood             Tmut           16%        N/A       5%          2
c - Spider Form           Tmut/Pois      9%         N/A       22%         3

Your spell library contained the following spells:

 Spells                   Type           Power      Damage    Failure   Level
 Ice Form                 Ice/Tmut       9%         N/A       58%         4


Dungeon Overview and Level Annotations

Branches:
Dungeon (3/15)

Altars:

Shops:
D:2 (


Innate Abilities, Weirdness & Mutations

One of your tentacles has grown a beastly spike.
You cannot wear most types of armour.
You are amphibious.
You can wear up to eight rings at the same time.
Your skin changes colour to match your surroundings (Stealth+).
Your rubbery body absorbs attacks. (AC +1, EV +1)
((You are camouflaged near water. (Stealth+)))
You have tentacles for arms and can constrict up to eight enemies at once.


Message History

Your tentacle spike disappears.
The hobgoblin hits you.
You barely miss the hobgoblin. You grab the hobgoblin.
You squeeze the hobgoblin, but do no damage.
You constrict the hobgoblin, but do no damage.
The gnoll shouts!
You hit the hobgoblin.
The hobgoblin is severely wounded.
You constrict the hobgoblin. The hobgoblin hits you.
You hit the hobgoblin but do no damage.
The hobgoblin is almost dead.
You constrict the hobgoblin.
You kill the hobgoblin!
You have reached level 5!
You feel agile.
You climb upwards.
There is a stone staircase leading down here.
You start resting.
HP restored.
Casting: Beastly Appendage (safe; 3% risk of failure)
Confirm with . or Enter, or press ? or * to list all spells.
One of your tentacles grows a vicious spike.
You climb downwards.
There is a stone staircase leading up here.
The gnoll closely misses you.
You completely miss the gnoll. Your grab misses the gnoll.
Your squeeze misses the gnoll.
The gnoll hits you with a +3 spear of venom!
You are lethally poisoned!
You hit the gnoll. Your grab misses the gnoll.
The gnoll is moderately wounded.
You feel very sick.
The gnoll hits you with a +3 spear of venom!
* * * LOW HITPOINT WARNING * * *
You are more poisoned.
It was a potion of haste.
You feel yourself speed up.
* * * LOW HITPOINT WARNING * * *
You feel very sick.
The gnoll hits you with a +3 spear of venom!
You die...

#### ...
#.#########
####..........
#....<.#
#.####.##
##.@.##
#..g..#
#........#
........#.##
..####...##..#
..... ...
..≈≈≈≈≈ ≈≈
..≈g...
...≈.≈≈≈≈


You could see 2 gnolls.

Vanquished Creatures
  Jessica (D:2)
  4 adders (D:2)
  A worm (D:2)
  4 dart slugs
  2 endoplasms
  3 goblins (D:1)
  4 hobgoblins
  2 jackals (D:1)
  2 quokkas (D:1)
  7 ball pythons
  5 bats
  4 frilled lizards
  4 kobolds
  8 rats
51 creatures vanquished.

Notes
Turn   | Place    | Note
-------+----------+-------------------------------------------
     0 | D:1      | croobank the Octopode Transmuter began the quest for the
                  | Orb.
     0 | D:1      | Reached XP level 1. HP: 13/13 MP: 3/3
   448 | D:1      | Reached XP level 2. HP: 10/18 MP: 3/5
   451 | D:1      | Reached skill level 1 in Stealth
   645 | D:1      | Learned a level 2 spell: Wereblood
  1104 | D:1      | Found a faded altar of an unknown god.
  1229 | D:1      | Reached XP level 3. HP: 21/23 MP: 4/6
  1560 | D:1      | Learned a level 3 spell: Spider Form
  1582 | D:2      | Found Deile's Antique Weapon Emporium.
  1844 | D:2      | Reached XP level 4. HP: 28/28 MP: 5/7
  1870 | D:2      | Reached skill level 1 in Polearms
  2177 | D:2      | Noticed Jessica
  2187 | D:2      | Killed Jessica
  2486 | D:3      | Reached XP level 5. HP: 22/33 MP: 8/8
  2593 | D:3      | HP: 1/33 [poisoned by a gnoll]
  2593 | D:3      | Mangled by a gnoll

Illustrated notes

Levels and vault maps discovered:
D:1:      lemuel_arrival_cross, layout_basic,
          hellmonk_ecumenical_altar_leap_of_faith
D:2:      layout_rooms, serial_shops, shop_fountains,
          hangedman_abyss_or_decor_lesser_grid, uniq_jessica
D:3:      layout_loops_ring, mainiacjoe_overflow_concentric_impassable,
          ebering_ghost_sewer_d

Skill      XL: |  1  2  3  4 |
---------------+-------------+-----
Stealth        | 1 |  1.3
Transmutations | 3 |  3.3
Polearms       | 2 |  2.6
Fighting       | |  1.0
Dodging        | |  2.2
Unarmed Combat | |  3.2
Spellcasting   | |  2.1

Action                   |  1- 3 |  4- 6 || total
-------------------------+-------+-------++-------
Melee: Unarmed           |    31 |       ||    31
       Constrict         |    26 |     5 ||    31
       Kick              |    20 |     4 ||    24
       Tentacles         |     9 |     5 ||    14
       Short sword       |    55 |       ||    55
       Punch             |     1 |       ||     1
       Spear             |     3 |    32 ||    35
 Cast: Beastly Appendage |    20 |     7 ||    27
       Wereblood         |     1 |     1 ||     2
  Use: Potion            |       |     1 ||     1
 Stab: Sleeping          |     5 |     4 ||     9
Armor: Skin              |       |     2 ||     2
Dodge: Dodged            |    64 |    19 ||    83

Table legend: (Time is in decaauts)
 A = Elapsed time spent in this place.
 B = Non-inter-level travel time spent in this place.
 C = Inter-level travel time spent in this place.
 D = Time resting spent in this place.
 E = Time spent auto-exploring this place.
 F = Levels seen in this place.
 G = Mean time per level.
                   A        B        C        D        E       F      G
               +--------+--------+--------+--------+--------+-----+--------+
         Total |   2596 |   2571 |     25 |    894 |   1222 |   3 |  865.3 |
       Dungeon |   2596 |   2571 |     25 |    894 |   1222 |   3 |  865.3 |
               +--------+--------+--------+--------+--------+-----+--------+

Top non-repeatable levels by time:
     D:1: 1583 daAuts
     D:2: 988 daAuts
     D:3: 24 daAuts
